 Dungeon Crawl Stone Soup version 0.26-a0-667-g92642533e4 (webtiles) character file.

Game seed: 873748613282597144

376 jasper the Skirmisher (level 6, -1/48 HPs)
             Began as a Demonspawn Brigand on Oct 18, 2020.
             Slain by an orc
             ... wielding a +0 falchion
              (2 damage)
             ... on level 4 of the Dungeon.
             The game lasted 00:04:11 (2821 turns).

jasper the Skirmisher (Demonspawn Brigand)          Turns: 2821, Time: 00:04:12

Health: -1/48      AC:  6    Str: 11    XL:     6   Next: 44%
Magic:  6/6        EV: 15    Int: 13    God:
Gold:   191        SH:  0    Dex: 16    Spells: 5/5 levels left

rFire    . . .     SeeInvis .   a - +2 dagger
rCold    + . .     Faith    .   (no shield)
rNeg     . . .     Spirit   .   n - +0 ring mail
rPois    .         Reflect  .   (no helmet)
rElec    .         Harm     .   c - +0 cloak
rCorr    .         Rampage  .   (no gloves)
MR       .....                  (no boots)
Stlth    ++........             (no amulet)
HPRegen  0.16/turn              z - ring of protection from cold
MPRegen  0.10/turn              (no ring)

@: about to teleport
A: claws 1, repulsion field 2
a: no special abilities


You were on level 4 of the Dungeon.
You visited 2 branches of the dungeon, and saw 5 of its levels.

You collected 191 gold pieces.

Inventory:

Hand Weapons
 a - a +2 dagger (weapon)
Armour
 b - a +0 robe
 c - a +0 cloak (worn)
 i - a +0 leather armour
 n - a +0 ring mail (worn)
Jewellery
 z - a ring of protection from cold (left claw)
Scrolls
 g - 2 scrolls of fog
 h - 2 scrolls of remove curse
 u - a scroll of teleportation
 v - a scroll of fear {unknown}
 w - 2 scrolls of enchant weapon {unknown}
 y - a scroll of immolation {unknown}
Potions
 f - 2 potions of berserk rage
 j - a potion of resistance {unknown}
 k - a potion of stabbing {unknown}
 l - 2 potions of magic
 m - 2 potions of degeneration {unknown}
 o - 2 potions of heal wounds {unknown}
 p - a potion of ambrosia {unknown}
 q - a potion of brilliance {unknown}
 s - 3 potions of curing
 t - a potion of experience {unknown}
 x - a potion of haste {unknown}


   Skills:
 + Level 4.2 Fighting
 - Level 1.7 Short Blades
 - Level 1.7 Throwing
 + Level 3.2 Armour
 + Level 3.4 Dodging
 - Level 3.6 Stealth


You had 5 spell levels left.
You didn't know any spells.
Your spell library was empty.

Dungeon Overview and Level Annotations

Branches:
Dungeon (4/15)             Temple (1/1) D:4

Altars:
Ashenzari
Cheibriados
Elyvilon
Hepliaklqana
Makhleb
Okawaru
Trog
Uskayaw
Vehumet
Wu Jian
Xom
Yredelemnul
Zin
The Shining One

Annotations:
D:2 2 transporters


Innate Abilities, Weirdness & Mutations

You have sharp fingernails.
You are surrounded by a moderate repulsion field. (EV +3)


Message History

The orc hits you with a +0 falchion.
You take 1 damage, and have 17/48 hp.
You hit the orc but do no damage.
The orc warrior hits you with a +0 long sword!
* * * LOW HITPOINT WARNING * * *
The orc hits you with a +0 falchion.
* * * LOW HITPOINT WARNING * * *
You take 16 damage, and have 1/48 hp.
MASSIVE DAMAGE!!
Unknown command.
None of your equipped items are cursed.
Unknown command.
As you read the scroll labeled FASMON HYINTI, it crumbles to dust.
You feel aware of your surroundings.
It was a scroll of magic mapping.
The orc warrior closely misses you. The orc closely misses you.
As you read the scroll labeled MUEBAIH VYSM, it crumbles to dust.
You feel strangely unstable.
It was a scroll of teleportation.
You kill the orc warrior!
Your Armour skill increases to level 3!
The orc hits you with a +0 falchion.
You die...

#########,***,,
####..o.....,***,*
#((..(o....#,,,,,*
#(#...o.o...,***,*
#.#..#####.#,**,,,
#.#..# *,*.#,,,,
#(#..####*,#.#,,,,
#o#.....,,,...,*,,
#@#..#####.#.#****
#.o...(....#.#
###..#######.#
#....#####.#
#..........#
##.....###.#****
#.###.# #.##..,
#.# #.# #..#.#*
#.###.# ##.#.#


You could see 2 orcs.

Vanquished Creatures
  Sigmund (D:2)
  An orc warrior (D:4)
  An orc priest (D:3)
  An orc wizard (D:3)
  3 adders
  An ooze (D:1)
  A worm (D:2)
  3 dart slugs
  2 leopard geckos
  2 orcs
  A giant cockroach (D:2)
  5 goblins
  3 hobgoblins
  4 kobolds
  A bat (D:1)
  2 frilled lizards
  5 rats
37 creatures vanquished.

Notes
Turn   | Place    | Note
-------+----------+-------------------------------------------
     0 | D:1      | jasper the Demonspawn Brigand began the quest for the Orb.
     0 | D:1      | Reached XP level 1. HP: 16/16 MP: 1/1
    36 | D:1      | Reached skill level 1 in Dodging
    89 | D:1      | Gained mutation: You are surrounded by a mild repulsion
                  | field. (EV +2) [demonic ancestry]
    89 | D:1      | Reached XP level 2. HP: 22/22 MP: 2/2
   723 | D:1      | Reached skill level 1 in Armour
   837 | D:1      | Found an iron altar of Okawaru.
  1226 | D:2      | Reached XP level 3. HP: 21/28 MP: 3/3
  1396 | D:2      | Noticed Sigmund
  1411 | D:2      | Killed Sigmund
  1411 | D:2      | Reached skill level 3 in Fighting
  1411 | D:2      | Gained mutation: You have sharp fingernails. [demonic
                  | ancestry]
  1411 | D:2      | Reached XP level 4. HP: 24/36 MP: 4/4
  1411 | D:2      | Gained mutation: You are surrounded by a moderate repulsion
                  | field. (EV +3) [demonic ancestry]
  1411 | D:2      | Reached XP level 5. HP: 27/41 MP: 5/5
  1593 | D:2      | Found a glowing golden altar of the Shining One.
  1597 | D:2      | Found a transporter.
  1605 | D:2      | Found a transporter.
  1717 | D:2      | Found an ornate altar of the Wu Jian Council.
  2441 | D:3      | Reached skill level 4 in Fighting
  2441 | D:3      | Reached XP level 6. HP: 48/48 MP: 6/6
  2642 | D:4      | Found a staircase to the Ecumenical Temple.
  2648 | D:4      | Found a radiant altar of Vehumet.
  2651 | Temple   | Entered the Ecumenical Temple
  2791 | D:4      | Noticed an orc warrior
  2819 | D:4      | HP: 1/48 [orc/+0 falchion (2)]
  2821 | D:4      | Killed an orc warrior
  2821 | D:4      | Slain by an orc

Illustrated notes

Levels and vault maps discovered:
D:1:      lemuel_arrival_broad_hall, layout_basic, kennysheep_flooded_box
D:2:      layout_loops_ring, lemuel_crystal_altar,
          gammafunk_temple_overflow_arena, minmay_misc_feat_encased,
          serial_bayou_lagoon_a, uniq_sigmund
D:3:      layout_rooms, kennysheep_cluttered_room
D:4:      layout_loops_ring, overflow_temple_1_default, temple_fountains
Temple:   cyrus_temple_forest

Skill      XL: |  1  2  3  4  5  6 |
---------------+-------------------+-----
Dodging        | 1 2 3 |  3.4
Armour         | 1 2 3 |  3.2
Fighting       | 3 4 |  4.2
Short Blades   | |  1.7
Throwing       | |  1.7
Stealth        | |  3.6

Action                   |  1- 3 |  4- 6 || total
-------------------------+-------+-------++-------
Melee: Dagger            |    30 |    66 ||    96
Throw: Dart              |    31 |    14 ||    45
  Use: Potion            |       |     2 ||     2
       Scroll            |       |     5 ||     5
 Stab: Sleeping          |       |     3 ||     3
Armor: Ring mail         |     9 |    15 ||    24
Dodge: Dodged            |    20 |    28 ||    48

Table legend: (Time is in decaauts)
 A = Elapsed time spent in this place.
 B = Non-inter-level travel time spent in this place.
 C = Inter-level travel time spent in this place.
 D = Time resting spent in this place.
 E = Time spent auto-exploring this place.
 F = Levels seen in this place.
 G = Mean time per level.
                   A        B        C        D        E       F      G
               +--------+--------+--------+--------+--------+-----+--------+
         Total |   2810 |   2744 |     66 |    317 |   2020 |   5 |  562.0 |
       Dungeon |   2724 |   2692 |     32 |    317 |   1991 |   4 |  681.0 |
        Temple |     85 |     51 |     34 |      0 |     29 |   1 |   85.0 |
               +--------+--------+--------+--------+--------+-----+--------+

Top non-repeatable levels by time:
     D:2: 1044 daAuts
     D:1: 953 daAuts
     D:3: 635 daAuts
     D:4: 91 daAuts
  Temple: 85 daAuts
